 Dungeon Crawl Stone Soup version 0.17-a0-1515-gfae3d72 (webtiles) character file.

3761 amnekian the Nimble (level 10, -10/86 HPs)
             Began as a Merfolk Gladiator on July 12, 2015.
             Was a Priest of Fedhas.
             Mangled by an orc warlord
             ... wielding a +0 great sword of holy wrath
              (13 damage)
             ... on level 8 of the Dungeon.
             The game lasted 00:35:14 (9834 turns).

amnekian the Nimble (Merfolk Gladiator)             Turns: 9834, Time: 00:35:14

Health: -10/86     AC: 11    Str: 16    XL:     10   Next: 15%
Magic:  12/12      EV: 16    Int:  9    God:    Fedhas [***...]
Gold:   433        SH:  0    Dex: 16    Spells: 0 memorised, 9 levels left

rFire  . . .     SeeInvis .     M - +0 scythe
rCold  . . .     Clarity  +     s - +0 scale mail (curse)
rNeg   . . .     SustAt   .     (no shield)
rPois  .         Gourm    .     c - +0 helmet
rElec  .         Spirit   .     y - +0 cloak (curse)
rCorr  .         Warding  .     C - +2 pair of gloves
rMut   .         Stasis   .     (no boots)
MR     +....                    i - amulet of clarity
Stlth  ..........               k - ring of protection from magic
                                g - ring of wizardry

@: somewhat resistant to hostile enchantments, extremely unstealthy
A: change form in water, swift swim
a: Evolution, Sunlight, Growth, Renounce Religion


You were on level 8 of the Dungeon.
You worshipped Fedhas.
Fedhas was most pleased with you.
You were not hungry.

You visited 1 branch of the dungeon, and saw 8 of its levels.
You also visited: Ossuary and Bailey.

You collected 433 gold pieces.

Inventory:

Hand weapons
 a - a +0 trident
 l - a +1 dagger of venom
 A - a +0 blowgun
 M - a +0 scythe (weapon)
Missiles
 d - 3 throwing nets
 f - 288 stones (quivered)
 B - 18 poisoned needles
Armour
 c - a +0 helmet (worn)
 n - a +0 chain mail
 s - a cursed +0 scale mail (worn)
 y - a cursed +0 cloak (worn)
 C - a +2 pair of gloves (worn)
Jewellery
 g - a ring of wizardry (left hand)
 i - an amulet of clarity (around neck)
 k - a ring of protection from magic (right hand)
 w - an uncursed ring of magical power {unknown}
 N - an uncursed ring of fire {unknown}
 U - the ring of Odytughui {Fire MR+, unknown}
   (You found it in an ossuary)

   [ring of fire]

   It enhances your fire magic, and weakens your ice magic.
   It protects you from fire.
   It makes you vulnerable to cold.
   It affects your resistance to hostile enchantments.
Magical devices
 p - a wand of digging (15)
 t - a wand of magic darts (39)
Scrolls
 o - 6 scrolls of identify
 q - 2 scrolls of fear {unknown}
 x - 4 scrolls of teleportation {unknown}
 E - a scroll of enchant weapon {unknown}
 G - 2 scrolls of random uselessness {unknown}
 I - 2 scrolls of amnesia {unknown}
 J - 5 scrolls of remove curse {unknown}
 L - a scroll of noise {unknown}
 P - a scroll of magic mapping
 S - 2 scrolls of recharging {unknown}
 Y - 5 scrolls of blinking {unknown}
 Z - a scroll of silence {unknown}
Potions
 b - 2 potions of cure mutation
 h - 2 potions of magic
 j - 2 potions of curing
 u - 3 potions of mutation
 z - a potion of agility
 D - 4 potions of brilliance {unknown}
 F - 3 potions of haste
 K - 2 potions of heal wounds {unknown}
 O - a potion of ambrosia {unknown}
 Q - a potion of lignification {unknown}
 R - a potion of degeneration {unknown}
 T - a potion of cancellation {unknown}
 V - 2 potions of flight {unknown}
 W - a potion of berserk rage {unknown}
 X - a potion of poison {unknown}
Books
 r - a book of Dreams

   Spells                             Type                      Level
   a - Ensorcelled Hibernation        Hexes/Ice                    2
   b - Phase Shift                    Translocation                5
   c - Shadow Creatures               Summoning                    5
   d - Silence                        Hexes/Air                    5
   e - Mass Confusion                 Hexes                        6
   f - Darkness                       Hexes                        7
 v - a Grand Grimoire

   Spells                             Type                      Level
   a - Monstrous Menagerie            Summoning                    6
   b - Summon Greater Demon           Summoning                    7
   c - Malign Gateway                 Summoning/Translocation      7
   d - Summon Horrible Things         Summoning                    8
Comestibles
 e - 3 bread rations
 m - 4 meat rations
 H - a chunk of flesh


   Skills:
 - Level 10.9 Fighting
 - Level 9.1 Polearms
 - Level 2.0 Throwing
 - Level 11.0 Dodging
 * Level 3.8 Invocations


You had 9 spell levels left.
You didn't know any spells.

Dungeon Overview and Level Annotations

Branches:
Dungeon (8/15)             Temple (0/1) D:4
   Lair: D:8-11

Altars:
Cheibriados
Fedhas
Gozag
Makhleb
Okawaru
Ru
Vehumet
Xom
Zin
The Shining One


Message History

Attack whom?
Press: ? - help, Dir - move target cursor, f/p - orc warlord
Aim: an orc warlord, wielding a great sword of holy wrath and wearing a chain mail (moderately wounded, confused)
You reach to attack!
You catch the helpless orc warlord completely off-guard!
You slash the orc warlord!
The orc warlord is heavily wounded.
The orc warlord seems less confused.
The orc warlord hits you with a great sword of holy wrath.
You hit the orc warlord.
The orc warlord is heavily wounded.
The orc warlord hits you with a great sword of holy wrath!!
* * * LOW HITPOINT WARNING * * *
You are too injured to fight recklessly!
You are too injured to fight recklessly!
Things that are here:
a giant spiked club; a giant club The orc warlord hits you with a great sword of holy wrath!
You die...
Fedhas appreciates your contribution to the ecosystem.

..................
...............#.#
###.......)...###.# ..
###........## #.# #..
#.......<.# #.### ####...
...........# #...##.......
............## #.#........#
#............###.#..)....##.
##.....######..@o..)∩)......
##..## ###.#..))..##### ..#
#.#$.....# #.#.#...##
#..####.# #.# ## ###


You could see an orc warlord.

Vanquished Creatures
  The ghost of mrath the Chucker, an experienced TrHu of Qazlal (D:8)
  A two-headed ogre (D:8)
  Sigmund (D:5)
  2 orc warriors (Bailey)
  An ogre (D:4)
  3 centaurs
  A phantom (D:7)
  A sky beast (D:6)
  A giant frog (D:8)
  A big kobold (D:7)
  A wyvern skeleton (Ossuary)
  2 scorpions
  A bog body (Ossuary)
  A crimson imp (D:5)
  A jelly (D:6)
  4 centaur zombies (Ossuary)
  Crazy Yiuf (D:3)
  Ijyb (D:3)
  4 centaur skeletons
  4 giant frog skeletons
  2 hounds
  7 worker ants
  Terence (D:2)
  Natasha (twice) (D:2)
  A hound skeleton (D:4)
  2 hound zombies (Ossuary)
  4 mummies (Ossuary)
  2 worker ant zombies
  Robin (D:4)
  4 adders
  7 gnolls
  A shadow imp (D:7)
  An ooze (D:1)
  2 adder skeletons
  An adder zombie (Ossuary)
  4 worms
  3 giant geckos
  15 orcs
  2 ball pythons (D:4)
  5 bats
  2 bat skeletons
  3 bat zombies (Ossuary)
  5 giant cockroaches
  21 hobgoblins
  8 jackals
  11 kobolds
  3 giant newts
  43 goblins
  A jackal skeleton (D:4)
  14 rats
211 creatures vanquished.

Vanquished Creatures (collateral kills)
  A water moccasin (D:6)
  2 wandering mushrooms (D:8)
  3 orc warriors (Bailey)
  2 black bears (D:6)
  A sky beast (D:5)
  A centaur (D:6)
  A necrophage (D:6)
  Blork the orc (D:4)
  A giant frog (D:6)
  A jelly (D:6)
  An orc priest (D:4)
  An iguana (D:6)
  2 worker ants (D:5)
  A gnoll (Bailey)
  6 orcs
  A bat (D:8)
  3 hobgoblins (Bailey)
  A goblin (Bailey)
  A rat (D:6)
31 creatures vanquished.

Vanquished Creatures (others)
  2 bog bodies (Ossuary)
  A worker ant zombie (Ossuary)
  6 wandering mushrooms
  A plant (Ossuary)
  156 toadstools
166 creatures vanquished.

Grand Total: 408 creatures vanquished

Notes
Turn   | Place    | Note
--------------------------------------------------------------
     0 | D:1      | amnekian the Merfolk Gladiator began the quest for the Orb.
     0 | D:1      | Reached XP level 1. HP: 16/16 MP: 1/1
   117 | D:1      | Reached skill level 5 in Polearms
   157 | D:1      | Reached XP level 2. HP: 22/22 MP: 2/2
   754 | D:1      | Reached XP level 3. HP: 27/27 MP: 3/3
   780 | D:2      | Reached skill level 6 in Polearms
   811 | D:2      | Found a blossoming altar of Fedhas.
   819 | D:2      | Became a worshipper of Fedhas Madash
  1270 | D:2      | Paralysed by an orc for 5 turns
  1504 | D:2      | Found a shimmering altar of Xom.
  1590 | D:2      | Noticed Terence
  1665 | D:2      | Killed Terence
  1665 | D:2      | Reached skill level 7 in Polearms
  1665 | D:2      | Reached XP level 4. HP: 29/33 MP: 4/4
  1884 | D:2      | Found an opulent altar of Gozag.
  2099 | D:3      | Noticed Natasha
  2134 | D:2      | Killed Natasha
  2615 | D:2      | Found a blossoming altar of Fedhas.
  2635 | D:2      | Noticed Natasha
  2646 | D:2      | Killed Natasha
  2894 | D:2      | Found an opulent altar of Gozag.
  3024 | D:2      | Found a shimmering altar of Xom.
  3112 | D:3      | Found a radiant altar of Vehumet.
  3116 | D:3      | Noticed Ijyb
  3125 | D:3      | Killed Ijyb
  3125 | D:3      | Reached skill level 8 in Polearms
  3125 | D:3      | Reached XP level 5. HP: 38/38 MP: 5/5
  3570 | D:3      | Noticed Crazy Yiuf
  3585 | D:3      | Killed Crazy Yiuf
  3585 | D:3      | Reached skill level 9 in Polearms
  3702 | D:3      | Acquired Fedhas's first power
  3825 | D:4      | Noticed Robin
  3870 | D:4      | Killed Robin
  3870 | D:4      | Reached XP level 6. HP: 18/44 MP: 6/6
  4143 | D:4      | Noticed Blork the orc
  4143 | D:4      | Noticed Sigmund
  4165 | D:3      | Reached skill level 5 in Dodging
  4470 | D:4      | Found a staircase to the Ecumenical Temple.
  4519 | D:4      | Found a sacrificial altar of Ru.
  4722 | D:4      | Acquired Fedhas's second power
  4862 | D:4      | Killed Blork the orc
  4862 | D:4      | Reached XP level 7. HP: 40/50 MP: 7/7
  5234 | D:5      | Entered Level 5 of the Dungeon
  5612 | D:5      | Killed Sigmund
  5913 | D:5      | Found a burning altar of Makhleb.
  5991 | D:5      | Reached XP level 8. HP: 53/56 MP: 8/8
  6193 | D:6      | Found a snail-covered altar of Cheibriados.
  6203 | D:6      | Reached skill level 10 in Dodging
  6417 | D:6      | Found a sacrificial altar of Ru.
  6609 | D:6      | Reached skill level 11 in Dodging
  6679 | D:6      | Found a radiant altar of Vehumet.
  6765 | D:6      | Reached skill level 5 in Fighting
  7421 | D:7      | Found a sand-covered staircase.
  7429 | Ossuary  | Entered an ossuary
  7466 | Ossuary  | Reached XP level 9. HP: 57/69 MP: 9/9
  7880 | Ossuary  | Acquired Fedhas's third power
  7893 | Ossuary  | Got a vibrating copper ring
  8055 | Ossuary  | Noticed a centaur zombie
  8062 | Ossuary  | Killed a centaur skeleton
  8534 | D:7      | Found an iron altar of Okawaru.
  8534 | D:7      | Found a glowing silver altar of Zin.
  8809 | D:7      | Found a glowing golden altar of the Shining One.
  9079 | D:8      | Noticed mrath's ghost (experienced TrHu)
  9099 | D:8      | Killed mrath's ghost
  9099 | D:8      | Reached skill level 10 in Fighting
  9101 | D:8      | Acquired Fedhas's fourth power
  9344 | D:8      | Found a flagged portal.
  9371 | D:8      | Reached XP level 10. HP: 84/86 MP: 10/10
  9393 | Bailey   | Entered a bailey
  9502 | Bailey   | Reached skill level 1 in Invocations
  9769 | Bailey   | Noticed an orc knight
  9779 | Bailey   | Noticed an orc warlord
  9829 | D:8      | HP: 2/86 [orc warlord/great sword of holy wrath (31)]
  9834 | D:8      | Mangled by an orc warlord

Vault maps used:
D:1:      dpeg_arrival_rooms_b, kennysheep_boxes
D:2:      tgw_xom, grunt_gozag_breadcrumbs, fedhas_altar_1, first_bread,
          uniq_terence
D:3:      kennysheep_the_goblin_king, vehumet_altar_wand_db,
          uniq_crazy_yiuf_cottage, uniq_natasha, uniq_iyjb
D:4:      lemuel_crystal_altar, minmay_temple_entry_glassed_door, serial_glass,
          glass_columns_b, glass_columns_a, minmay_strange_pillars,
          due_unseen_surprise, hex_medium, grunt_decor_clamped, uniq_robin,
          uniq_blork_the_orc, uniq_sigmund
D:5:      minivault_19, serial_bayou_ford_a, bloody_makhleb
D:6:      cheibriados_altar_1, old_standard_altar, st_stairs_3,
          nicolae_ru_awakened_eye
D:7:      nicolae_tso_swordbearing_angel, gammafunk_temple_overflow_elements,
          enter_ossuary_1
D:8:      enter_bailey_2, uniq_erica
Ossuary:  ossuary_zaba_flooded
Bailey:   bailey_axe_minmay_hex_keep, bailey

Action                   |  1- 3 |  4- 6 |  7- 9 | 10-12 || total
-------------------------+-------+-------+-------+-------++-------
Melee: Trident           |    89 |   255 |   183 |       ||   527
       Scythe            |       |       |   225 |   129 ||   354
Throw: Stone             |     1 |     2 |       |       ||     3
       Throwing net      |       |     2 |       |       ||     2
Invok: Evolution         |       |     2 |     2 |     4 ||     8
       Sunlight          |       |       |     5 |       ||     5
  Use: Scroll            |       |     5 |     2 |       ||     7
       Potion            |       |     1 |     1 |       ||     2
 Stab: Sleeping          |     1 |       |       |       ||     1
       Confused          |       |       |     2 |     3 ||     5
       Distracted        |       |       |     1 |       ||     1
  Eat: Bread ration      |     1 |     1 |     2 |       ||     4
       Chunk             |     1 |       |     2 |     1 ||     4
       Meat ration       |       |     1 |       |       ||     1
       Beef jerky        |       |     1 |       |       ||     1
       Pizza             |       |       |     1 |       ||     1
